Map: [ESL] Cosmic Sapphire

Players

Ukko - Winner!

  • Race: Zerg Zerg
  • Spawn Location: 11:00

Namshar

  • Race: Zerg Zerg
  • Spawn Location: 5:00

Event: DreamHack SC2 Masters 2022 Atlanta (Online)

VOD

Have the link to the VOD?

Description

Time

  • Played on: Oct. 8, 2022, 3:12 p.m.
  • Length: 9:23

All games in this series

Show
View Real Time Build Order
Export as new Build Order

Ukko Zerg - Winner!

Build Orders: Hatch First 

Get SALT Encoding   

  12  0:00  Drone  
  13  0:12  Overlord  
  13  0:16  Drone  
  14  0:30  Drone x2  
  16  0:47  Hatchery  
  15  0:51  Drone  
  15  0:55  Drone  
  17  0:58  Drone  
  18  1:05  Extractor  
  17  1:13  Spawning Pool  
  17  1:16  Drone  
  17  1:20  Drone  
  18  1:28  Drone  
  19  1:38  Drone  
  20  1:48  Drone  
  21  1:59  Overlord  
  21  2:00  Queen x2  
  21  2:01  Zergling x2  
  26  2:05  Metabolic Boost  
  26  2:10  Drone  
  26  2:11  Drone  
  28  2:23  Drone x2  
  30  2:32  Hatchery  
  29  2:37  Drone x2  
  31  2:44  Baneling Nest  
  31  2:48  Zergling x4  
  32  2:55  Zergling x2  
  32  2:56  Overlord  
  33  3:02  Queen  
  35  3:15  Drone x6  
  35  3:17  Drone  
  42  3:23  Overlord  
  42  3:25  Drone  
  43  3:32  Zergling x2  
  43  3:33  Baneling x2  
  44  3:34  Baneling x2  
  44  3:41  Overlord  
  44  3:44  Zergling x4  
  44  3:45  Zergling x4  
  48  3:53  Overlord x2  
  47  3:56  Drone x4  
  50  4:03  Drone  
  50  4:08  Evolution Chamber  
  50  4:10  Drone x3  
  50  4:14  Drone  
  50  4:15  Overlord  
  54  4:17  Overlord  
  54  4:19  Drone x3  
  54  4:22  Drone x2  
  54  4:23  Drone  
  60  4:29  Drone x2  
  62  4:34  Roach Warren, Zerg Missile Weapons Level 1  
  62  4:35  Drone  
  62  4:38  Extractor  
  61  4:39  Extractor  
  61  4:44  Overlord  
  60  4:46  Drone x3  
  60  4:47  Drone x2  
  60  4:48  Drone  
  60  4:51  Overlord  
  60  4:52  Drone  
  67  4:53  Drone  
  67  4:56  Drone x2  
  67  4:58  Drone x2  
  72  5:01  Drone x2  
  72  5:04  Lair  
  74  5:16  Drone x7  
  74  5:17  Extractor x2  
  74  5:19  Extractor  
  74  5:21  Drone x5  
  83  5:29  Drone x4  
  83  5:33  Hatchery, Evolution Chamber  
  84  5:44  Overlord x3  
  84  5:45  Roach  
  84  5:47  Roach  
  88  5:51  Roach x4  
  88  5:54  Roach x3  
  102  5:57  Roach  
  104  6:05  Roach x5  
  104  6:07  Zerg Ground Armor Level 1  
  113  6:14  Glial Reconstitution  
  113  6:16  Roach x3  
  119  6:25  Roach x5  
  129  6:27  Pneumatized Carapace  
  129  6:29  Overlord x2  
  129  6:32  Zerg Missile Weapons Level 2  
  129  6:42  Overlord x3  
  128  6:50  Roach x5  
  137  6:58  Drone x2  
  137  6:59  Drone x2  
  137  7:00  Drone x2  
  137  7:01  Drone x2  
  138  7:02  Roach x2  
  138  7:04  Baneling x4  
  142  7:17  Ravager  
  142  7:18  Ravager x3, Overlord  
  142  7:19  Overlord  
  142  7:20  Queen  
  148  7:23  Roach x5  
  148  7:26  Roach x2  
  148  7:29  Overlord  
  156  7:38  Roach  
  156  7:39  Roach x7  
  169  7:47  Roach x5  
  179  7:53  Roach x3  
  185  7:59  Roach x4  
  193  8:10  Roach x5  
  185  8:22  Roach x5  
  185  8:40  Roach x5  
  176  8:52  Roach x5  
  176  8:54  Roach x6  
  176  8:55  Roach x5  
  180  9:09  Overseer  
Show
View Real Time Build Order
Export as new Build Order

Namshar Zerg 

Build Orders: Hatch First 

Get SALT Encoding   

  12  0:00  Drone  
  13  0:12  Overlord  
  13  0:16  Drone  
  14  0:30  Drone x2  
  16  0:48  Hatchery  
  15  0:50  Drone  
  15  0:54  Drone  
  17  0:57  Drone  
  18  1:08  Extractor  
  17  1:12  Spawning Pool  
  17  1:15  Drone  
  17  1:19  Drone  
  18  1:28  Drone  
  19  1:41  Drone  
  20  1:50  Drone  
  21  2:00  Queen x2, Drone, Overlord  
  26  2:10  Drone  
  26  2:11  Drone  
  26  2:12  Metabolic Boost  
  28  2:21  Zergling x2  
  28  2:22  Zergling x2  
  30  2:32  Drone  
  30  2:33  Drone  
  30  2:35  Hatchery  
  31  2:44  Drone  
  31  2:47  Baneling Nest  
  31  2:49  Overlord  
  31  2:53  Drone  
  31  2:57  Drone, Evolution Chamber  
  32  3:05  Drone x2  
  34  3:10  Zergling x2  
  34  3:11  Zergling x2  
  36  3:14  Drone x3  
  39  3:21  Queen  
  39  3:25  Drone  
  39  3:26  Zerg Missile Weapons Level 1  
  42  3:30  Overlord  
  42  3:34  Baneling  
  42  3:41  Drone  
  43  3:42  Drone  
  43  3:44  Overlord  
  43  3:46  Overlord  
  44  3:48  Drone  
  44  3:50  Drone x3  
  44  3:55  Drone x2  
  47  4:03  Drone x2  
  47  4:06  Zergling x2  
  50  4:10  Zergling x4  
  50  4:11  Baneling  
  50  4:16  Zergling x6  
  55  4:23  Lair  
  55  4:25  Extractor  
  55  4:28  Extractor  
  55  4:30  Drone x4  
  57  4:36  Roach Warren  
  57  4:38  Drone x2  
  57  4:43  Drone x5  
  63  4:46  Extractor  
  63  4:48  Overlord  
  63  4:49  Drone x5  
  66  4:58  Overlord  
  66  4:59  Drone x3  
  69  5:03  Pneumatized Carapace  
  69  5:05  Extractor  
  68  5:08  Drone x2  
  68  5:09  Drone  
  68  5:12  Baneling x2  
  68  5:13  Baneling x2  
  71  5:24  Drone x5  
  71  5:25  Drone x2, Extractor  
  71  5:26  Drone, Zerg Missile Weapons Level 2  
  77  5:31  Glial Reconstitution, Evolution Chamber  
  77  5:33  Drone  
  77  5:36  Overseer  
  77  5:43  Overlord x3  
  77  5:47  Roach x4, Overlord  
  85  5:52  Drone  
  86  6:02  Hatchery  
  85  6:09  Drone x2  
  85  6:10  Zerg Ground Armor Level 1  
  85  6:19  Overlord x2  
  85  6:21  Roach  
  85  6:22  Roach x8  
  103  6:29  Overlord  
  103  6:37  Baneling x4  
  103  6:41  Overlord  
  103  6:46  Roach x11  
  123  7:09  Drone  
  123  7:11  Spore Crawler, Drone  
  123  7:12  Drone x9  
  123  7:14  Spore Crawler, Ravager x2  
  123  7:15  Ravager x4  
  137  7:33  Extractor x2  
  135  7:44  Roach x8  
  147  7:56  Overlord x6  
  147  7:57  Overlord x3  
  144  8:13  Queen  
  144  8:14  Roach  
  144  8:15  Roach x17  
  174  8:21  Roach  
  174  8:23  Roach  
  171  8:28  Roach  
  171  8:29  Roach  
  153  8:45  Roach x7  
  158  8:51  Roach x3  
  137  9:00  Roach x3  
Tags
 
Add a new tag
Caveats
  • Supply blocks, unpowered buildings, or Contaminate may cause inaccurate times.
  • Supply counts are checked every 10 seconds.